 Dungeon Crawl Stone Soup version 0.31-a0-40-g1d5085d191 (webtiles) character file.

Game seed: 18268014306302894963

1500 frimble the Slasher (level 8, -15/55 (64) HPs)
             Began as a Gnoll Reaver on May 17, 2023.
             Killed from afar by Maggie (28 damage)
             ... with a bolt of fire
             ... on level 6 of the Dungeon.
             The game lasted 00:08:00 (5025 turns).

frimble the Slasher (Gnoll Reaver)                  Turns: 5025, Time: 00:08:00

HP:   -15/55 (64)   AC:  5    Str: 11    XL:     8   Next: 81%
MP:   17/17         EV: 11    Int: 15    God:
Gold: 286           SH:  5    Dex: 11    Spells: 15/19 levels left

rFire   . . .        a - +1 falchion (venom)
rCold   . . .        c - +1 buckler {reflect}
rNeg    . . .        u - +0 ring mail
rPois   .            (no helmet)
rElec   .            (no cloak)
rCorr   .            (no gloves)
SInv    .            (no boots)
Will    .....        (no amulet)
Stlth   ++           (no ring)
HPRegen 0.29/turn    (no ring)
MPRegen 0.15/turn

%: reflection
@: lethally poisoned (-15 -> -17), heavily drained
A: fangs 1, strong nose, distributed training
a: no special abilities


You were on level 6 of the Dungeon.
You visited 2 branches of the dungeon, and saw 7 of its levels.

You collected 286 gold pieces.

Inventory:

Hand Weapons
 a - a +1 falchion of venom (weapon)
Missiles
 o - a throwing net
Armour
 c - a +1 buckler of reflection (worn)
 u - a +0 ring mail (worn)
Jewellery
 k - a ring of ice
Wands
 j - a wand of light (6)
Scrolls
 f - a scroll of silence
 p - a scroll of poison
 q - a scroll of fog
 r - 2 scrolls of magic mapping
Potions
 d - 2 potions of attraction {unknown}
 e - a potion of flight
 g - a potion of mutation {unknown}
 h - a potion of might
 l - 3 potions of resistance {unknown}
 m - 3 potions of curing
 n - a potion of cancellation
 s - a potion of berserk rage {unknown}


   Skills:
 + Level 6.0 Fighting
 + Level 3.7 Short Blades
 + Level 7.6 Long Blades
 + Level 3.7 Axes
 + Level 3.7 Maces & Flails
 + Level 3.7 Polearms
 + Level 3.7 Staves
 + Level 3.7 Ranged Weapons
 + Level 3.7 Throwing
 + Level 3.7 Armour
 + Level 6.0 Dodging
 + Level 3.7 Stealth
 + Level 3.7 Shields
 + Level 3.7 Unarmed Combat
 + Level 6.3 Spellcasting
 + Level 6.3 Conjurations
 + Level 3.1 Hexes
 + Level 3.1 Summonings
 + Level 3.1 Necromancy
 + Level 3.1 Translocations
 + Level 3.1 Transmutations
 + Level 3.1 Fire Magic
 + Level 3.1 Ice Magic
 + Level 3.1 Air Magic
 + Level 3.1 Earth Magic
 + Level 3.1 Poison Magic
 + Level 4.1 Invocations
 + Level 3.7 Evocations


You had 15 spell levels left.
You knew the following spells:

 Your Spells              Type           Power      Damage    Failure   Level
a - Kiss of Death         Conj/Necr      72%        2d10      7%          1
b - Ozocubu's Armour      Ice            14%        N/A       36%         3

Your spell library contained the following spells:

 Spells                   Type           Power      Damage    Failure   Level
 Momentum Strike          Conj/Tloc      36%        3d9       10%         2
 Slow                     Hex            56%        N/A       13%         1
 Sublimation of Blood     Necr           14%        N/A       19%         2
 Wereblood                Tmut           14%        N/A       19%         2
 Hailstorm                Conj/Ice       18%        3d6       21%         3
 Confusing Touch          Hex            14%        N/A       36%         3
 Vampiric Draining        Necr           14%        2d7       36%         3
 Metabolic Englaciation   Hex/Ice        7%         N/A       98%         5
 Simulacrum               Ice/Necr       7%         N/A       100%        6
 Summon Hydra             Summ           7%         N/A       100%        7


Dungeon Overview and Level Annotations

Branches:
Dungeon (6/15)             Temple (1/1) D:4

Altars:
Ashenzari
Dithmenos
Elyvilon
Fedhas
Gozag
Hepliaklqana
Makhleb
Nemelex Xobeh
Okawaru
Qazlal
Uskayaw
Vehumet
Wu Jian
Yredelemnul
Zin
The Shining One

Annotations:
D:6 Maggie


Innate Abilities, Weirdness & Mutations

You have very sharp teeth.
Your uncanny sense of smell can sniff out nearby items.
Your experience applies equally to all skills.


Message History

Maggie shouts!
The adder bites you. Maggie barely misses you.
Aiming: Kiss of Death (safe; 7% risk of failure)
Press: ? - help, Q - select action, (/) - cycle Shift-Dir - straight line, f/p - Maggie
Aim: Maggie, wielding a +2 morningstar of flaming, wearing +0 acid dragon scales and carrying a wand of flame (17) (moderately wounded, blind, extremely poisoned, 100% to hit)
The negative energy hits Maggie!
Maggie is drained!
Maggie is heavily wounded.
You feel drained. The adder closely misses you.
Maggie zaps a wand.
The puff of flame hits you.
You hit Maggie.
Maggie looks as sick as possible!
Maggie is heavily wounded.
The adder closely misses you. The adder bites you but does no damage.
Maggie barely misses you.
You completely miss Maggie.
Maggie is heavily wounded.
The adder bites you.
Maggie hits you with a +2 morningstar of flaming.
Maggie burns you.
You catch the helpless Maggie completely off-guard!
You hit Maggie but do no damage.
Maggie looks as sick as possible!
Maggie is severely wounded.
The adder barely misses you. You block Maggie's attack.
You hit Maggie.
Maggie looks as sick as possible!
Maggie is severely wounded.
The adder closely misses you. The adder barely misses you.
Maggie barely misses you.
You hit Maggie but do no damage.
Maggie looks as sick as possible!
Maggie is severely wounded.
The adder bites you.
* * * LOW HITPOINT WARNING * * *
You are poisoned.
The adder poisons you! Maggie misses you.
You hit Maggie but do no damage.
Maggie looks as sick as possible!
Your bite misses Maggie.
Maggie is severely wounded.
You feel sick. The adder barely misses you.
Maggie gestures at you while chanting. The bolt of fire hits you!!
Ouch! That really hurt!
You die...

#####.#........
#.#.....#
#..###### ...
...#####.# .#
##g.
.........#####..#
...#
....###.........#
g..## .
#.........#
g...## ..#∆
#.....?..##
.....#
.....##@...#.#.#
.....#
#...@S##...# #
<..#
#....#...##..#
..##
..#....#..#..#
.## ...#..
#....<. .. ##.
... ##....# .. #
$#.. #.... ...
..... ..# ...
##.... ..


You could see Maggie (blind, extremely poisoned, drained) and an adder.

Vanquished Creatures
  A wyvern (D:5)
  A water moccasin (D:6)
  Pargi (D:3)
  A black bear (D:5)
  A sky beast (D:6)
  2 ogres (D:5)
  2 scorpions
  3 hounds
  2 jellies (D:5)
  2 orc priests (D:5)
  Jessica (D:2)
  A sleepcap (D:5)
  5 iguanas
  An orc wizard (D:4)
  10 gnolls
  6 adders
  2 white imps (D:5)
  An ufetubus (D:5)
  3 worms
  3 dart slugs
  9 orcs
  7 endoplasms
  6 giant cockroaches
  5 goblins
  8 hobgoblins
  2 jackals (D:4)
  2 quokkas (D:1)
  7 ball pythons
  10 bats
  3 frilled lizards
  5 kobolds
  5 rats
  A spectral orc (D:5)
119 creatures vanquished.

Notes
Turn   | Place    | Note
-------+----------+-------------------------------------------
     0 | D:1      | frimble the Gnoll Reaver began the quest for the Orb.
     0 | D:1      | Reached XP level 1. HP: 20/20 MP: 6/6
   247 | D:1      | Reached XP level 2. HP: 26/26 MP: 7/7
   589 | D:1      | You fall into a shaft and drop 1 floor!
   653 | D:2      | Reached skill level 5 in Spellcasting
   653 | D:2      | Reached XP level 3. HP: 28/31 MP: 7/9
   709 | D:2      | Reached skill level 1 in Invocations
   752 | D:2      | Reached skill level 1 in Short Blades
   752 | D:2      | Reached skill level 1 in Axes
   752 | D:2      | Reached skill level 1 in Maces & Flails
   752 | D:2      | Reached skill level 1 in Polearms
   752 | D:2      | Reached skill level 1 in Staves
   752 | D:2      | Reached skill level 1 in Ranged Weapons
   752 | D:2      | Reached skill level 1 in Throwing
   752 | D:2      | Reached skill level 1 in Armour
   752 | D:2      | Reached skill level 1 in Stealth
   752 | D:2      | Reached skill level 1 in Shields
   752 | D:2      | Reached skill level 1 in Unarmed Combat
   752 | D:2      | Reached skill level 1 in Evocations
   869 | D:2      | Noticed Jessica
   874 | D:2      | Killed Jessica
   875 | D:2      | Reached XP level 4. HP: 9/32 MP: 9/11
   878 | D:2      | Reached skill level 1 in Hexes
   878 | D:2      | Reached skill level 1 in Summonings
   878 | D:2      | Reached skill level 1 in Necromancy
   878 | D:2      | Reached skill level 1 in Translocations
   878 | D:2      | Reached skill level 1 in Transmutations
   878 | D:2      | Reached skill level 1 in Fire Magic
   878 | D:2      | Reached skill level 1 in Ice Magic
   878 | D:2      | Reached skill level 1 in Air Magic
   878 | D:2      | Reached skill level 1 in Earth Magic
   878 | D:2      | Reached skill level 1 in Poison Magic
  1387 | D:3      | Identified a scroll of acquirement
  1390 | D:3      | Acquired a +1 buckler of reflection
  1443 | D:3      | Found a hazy altar of Hepliaklqana.
  1574 | D:3      | Reached XP level 5. HP: 34/34 MP: 12/12
  2188 | D:3      | Noticed Pargi
  2203 | D:3      | Killed Pargi
  2204 | D:3      | Reached XP level 6. HP: 9/38 MP: 9/14
  2361 | D:4      | Learned a level 3 spell: Ozocubu's Armour
  2374 | D:4      | Reached skill level 5 in Fighting
  2374 | D:4      | Reached skill level 5 in Dodging
  2660 | D:5      | Entered Level 5 of the Dungeon
  2709 | D:5      | Found a shadowy altar of Dithmenos.
  2722 | D:5      | Reached skill level 7 in Long Blades
  2722 | D:5      | Reached XP level 7. HP: 41/56 MP: 15/15
  3674 | D:5      | Noticed a wyvern
  3717 | D:4      | Found a staircase to the Ecumenical Temple.
  3741 | Temple   | Entered the Ecumenical Temple
  3796 | D:4      | Reached XP level 8. HP: 63/63 MP: 16/16
  4283 | D:5      | Killed a wyvern
  4530 | D:5      | Found a basalt altar of Yredelemnul.
  5011 | D:6      | Noticed Maggie
  5025 | D:6      | Killed from afar by Maggie

Illustrated notes

Levels and vault maps discovered:
D:1:      dpeg_arrival_round_a, layout_basic, minivault_4
D:2:      minmay_general_purpose_star, layout_rooms, uniq_jessica
D:3:      layout_loops_ring, mainiacjoe_overflow_catwalk,
          minmay_misc_feat_four_crosses, uniq_pargi
D:4:      layout_cave_pools, minmay_temple_entry_wispy
D:5:      minmay_angry_zag, layout_loops_ring, mainiacjoe_overflow_24_doors,
          yredelemnul_forgotten_temple_becter
D:6:      layout_rooms, wad_floor_pattern_2, uniq_maggie, uniq_eustachio
Temple:   nicolae_temple_god_jail

Skill      XL: |  1  2  3  4  5  6  7  8 |
---------------+-------------------------+-----
Spellcasting   | 5 6 |  6.3
Invocations    | 1 2 3 4 |  4.1
Short Blades   | 1 2 3 |  3.7
Axes           | 1 2 3 |  3.7
Maces & Flails | 1 2 3 |  3.7
Polearms       | 1 2 3 |  3.7
Staves         | 1 2 3 |  3.7
Ranged Weapons | 1 2 3 |  3.7
Throwing       | 1 2 3 |  3.7
Armour         | 1 2 3 |  3.7
Stealth        | 1 2 3 |  3.7
Shields        | 1 2 3 |  3.7
Unarmed Combat | 1 2 3 |  3.7
Evocations     | 1 2 3 |  3.7
Hexes          | 1 2 3 |  3.1
Summonings     | 1 2 3 |  3.1
Necromancy     | 1 2 3 |  3.1
Translocations | 1 2 3 |  3.1
Transmutations | 1 2 3 |  3.1
Fire Magic     | 1 2 3 |  3.1
Ice Magic      | 1 2 3 |  3.1
Air Magic      | 1 2 3 |  3.1
Earth Magic    | 1 2 3 |  3.1
Poison Magic   | 1 2 3 |  3.1
Fighting       | 5 6 |  6.0
Dodging        | 5 6 |  6.0
Long Blades    | 7 |  7.6
Conjurations   | 6 |  6.3

Action                     |  1- 3 |  4- 6 |  7- 9 || total
---------------------------+-------+-------+-------++-------
  Melee: Falchion          |    89 |   141 |   175 ||   405
         Bite              |     6 |    12 |    19 ||    37
         Punch             |       |     1 |       ||     1
   Cast: Kiss of Death     |     2 |     4 |     2 ||     8
  Evoke: Wand              |       |       |     6 ||     6
    Use: Scroll            |       |    14 |     3 ||    17
         Potion            |       |     6 |     1 ||     7
   Stab: Sleeping          |       |     1 |     1 ||     2
         Distracted        |       |     1 |       ||     1
         Invisible         |       |       |     2 ||     2
 Armour: Leather armour    |    28 |    26 |    11 ||    65
         Ring mail         |       |       |    11 ||    11
  Dodge: Dodged            |    61 |    83 |   101 ||   245
  Block: Buckler           |       |    25 |    35 ||    60
         Reflection        |       |     1 |       ||     1

Table legend: (Time is in decaauts)
 A = Elapsed time spent in this place.
 B = Non-inter-level travel time spent in this place.
 C = Inter-level travel time spent in this place.
 D = Time resting spent in this place.
 E = Time spent auto-exploring this place.
 F = Levels seen in this place.
 G = Mean time per level.
                   A        B        C        D        E       F      G
               +--------+--------+--------+--------+--------+-----+--------+
         Total |   5024 |   4849 |    175 |    192 |   3649 |   7 |  717.7 |
       Dungeon |   4971 |   4809 |    162 |    192 |   3620 |   6 |  828.5 |
        Temple |     52 |     39 |     13 |      0 |     29 |   1 |   52.0 |
               +--------+--------+--------+--------+--------+-----+--------+

Top non-repeatable levels by time:
     D:5: 1648 daAuts
     D:3: 966 daAuts
     D:4: 871 daAuts
     D:2: 791 daAuts
     D:1: 588 daAuts
     D:6: 104 daAuts
  Temple: 52 daAuts
